 Dungeon Crawl Stone Soup version 0.31.0-11-ge490571c62 (webtiles) character file.

Game seed: 18295670681978893113

24 hawla the Firebug (level 2, -5/15 HPs)
             Began as a Deep Elf Fire Elementalist on Feb 1, 2024.
             Slain by a gnoll
             ... wielding a +0 halberd
              (12 damage)
             ... on level 2 of the Dungeon.
             The game lasted 00:01:55 (858 turns).

hawla the Firebug (Deep Elf Fire Elementalist)       Turns: 858, Time: 00:01:57

Health: -5/15      AC:  3    Str:  5    XL:     2   Next: 79%
Magic:  3/8        EV: 12    Int: 19    God:
Gold:   28         SH:  0    Dex: 15    Spells: 4/7 levels left

rFire   . . .        (no weapon)
rCold   . . .        (no shield)
rNeg    . . .        a - +0 robe
rPois   .            (no helmet)
rElec   .            (no cloak)
rCorr   .            d - +0 pair of gloves
SInv    .            (no boots)
Will    .....        (no amulet)
Stlth   ++           (no ring)
HPRegen 0.22/turn    (no ring)
MPRegen 0.11/turn

%: no passive effects
@: no status effects
A: no striking features
a: no special abilities


You were on level 2 of the Dungeon.
You visited 1 branch of the dungeon, and saw 2 of its levels.

You collected 28 gold pieces.

Inventory:

Armour
 a - a +0 robe (worn)
 d - a +0 pair of gloves (worn)
Scrolls
 e - a scroll of fog {unknown}
Potions
 b - 2 potions of magic
 c - a potion of curing {unknown}
 g - a potion of enlightenment {unknown}


   Skills:
 - Level 2.4 Dodging
 - Level 2.4 Stealth
 - Level 3.0 Spellcasting
 + Level 3.1 Conjurations
 - Level 3.2 Fire Magic


You had 4 spell levels left.
You knew the following spells:

 Your Spells              Type           Power      Damage    Failure   Level
a - Foxfire               Conj/Fire      60%        2x1d7     4%          1
b - Scorch                Fire           30%        2d6       6%          2

Your spell library contained the following spells:

 Spells                   Type           Power      Damage    Failure   Level
 Inner Flame              Hex/Fire       9%         N/A       24%         3
 Volatile Blastmotes      Fire/Tloc      18%        2d11      24%         3
 Flame Wave               Conj/Fire      15%        2d7       38%         4


Dungeon Overview and Level Annotations

Branches:
Dungeon (2/15)

Altars:

Shops:
D:2 :


Message History

A hobgoblin is nearby!
A hobgoblin is nearby!
A bat and a ribbon worm come into view.
Found a dagger. 4 gnolls come into view.
Found Ipek's Vocational Training.
The bat misses you.
The gnoll shouts!
You hear a shout! x2
The hobgoblin shouts!
Casting: Scorch (safe; 6% risk of failure)
Confirm with . or Enter, or press ? or * to list all spells.
You conjure some foxfire!
The bat hits you but does no damage.
Casting: Foxfire (safe; 4% risk of failure)
Confirm with . or Enter, or press ? or * to list all spells.
You conjure some foxfire!
The gnoll shouts!
You hear a shout!
The foxfire hits the bat.
The bat is severely wounded.
The foxfire hits the bat!
You kill the bat!
Casting: Foxfire (safe; 4% risk of failure)
Confirm with . or Enter, or press ? or * to list all spells.
You conjure some foxfire!
The foxfire hits the gnoll.
The gnoll is moderately wounded.
The foxfire hits the gnoll but does no damage.
The gnoll is moderately wounded.
The gnoll hits you from afar with a +0 halberd!
Ouch! That really hurt!
Casting: Foxfire (safe; 4% risk of failure)
Confirm with . or Enter, or press ? or * to list all spells.
Flames lash the ribbon worm.
The ribbon worm is heavily wounded.
The ribbon worm's fire resistance burns away.
You hear a shout!
The foxfire hits the gnoll.
The gnoll is moderately wounded.
The foxfire hits the gnoll.
The gnoll is heavily wounded.
The gnoll hits you from afar with a +0 halberd!
Ouch! That really hurt!
You die...

*,,,*,*,,,,,*#...†.# *,,,,
*,,,*,*...,g##.###.#######
*,,,, ***,*,#,..,..#.#
#.......# *,,,, *,,,#.,..#g#.#
#.....#.# *,,,, *,**#..#.#g#.#
#.#...#,***,,,,
*,<,.......#.###.....#,*,*****
*,**.⌠...⌠.#.......).#,..,****
*,,,...∩...#.§.......#..,,,,,,
****.⌠...⌠gg†@§...####...,****
*.....)g#w#§..........,,,,*
*#......#.##...#......,,,,*
#.#.##........#)###..,,,,*
#..,*#.#.##...#.#,.,,,,,,*
##***#.#..#.....#.#*,,,,,<
#.#..#>###.#.#,..#***
#....#.#%#.#.#,#.#
***,,..#.....#.#)###


You could see a ribbon worm (combustible), 2 gnolls and a hobgoblin.

Vanquished Creatures
  3 endoplasms
  2 goblins
  2 hobgoblins (D:1)
  4 kobolds
  A quokka (D:1)
  5 ball pythons
  5 bats
  A rat (D:1)
23 creatures vanquished.

Vanquished Creatures (others)
  60 foxfires
60 creatures vanquished.

Grand Total: 83 creatures vanquished

Notes
Turn   | Place    | Note
-------+----------+-------------------------------------------
     0 | D:1      | hawla the Deep Elf Fire Elementalist began the quest for
                  | the Orb.
     0 | D:1      | Reached XP level 1. HP: 10/10 MP: 6/6
   271 | D:1      | Reached XP level 2. HP: 14/15 MP: 6/8
   408 | D:1      | Learned a level 2 spell: Scorch
   852 | D:2      | Found Ipek's Vocational Training.
   858 | D:2      | Slain by a gnoll

Illustrated notes

Levels and vault maps discovered:
D:1:      doesnt_arrival_eight_statues, layout_basic, corexii_hall_statues_i
D:2:      layout_basic, corexii_hall_statues_deadend, nicolae_shop_vocational

Skill      XL: |  1  2 |
---------------+-------+-----
Conjurations   | 2 3 |  3.1
Dodging        | |  2.4
Stealth        | |  2.4
Spellcasting   | |  3.0
Fire Magic     | |  3.2

Action                     || total
---------------------------++-------
  Melee: Unarmed           ||     4
   Cast: Foxfire           ||    34
         Scorch            ||     3
    Use: Scroll            ||     2
 Armour: Robe              ||    10
  Dodge: Dodged            ||     5
